 Dungeon Crawl Stone Soup version 0.31-a0-1-g4198be8af4 (webtiles) character file.

Game seed: 16390327180657101262

1206 erloom the Cleaver (level 8, 0/70 HPs)
             Began as a Minotaur Fighter on May 1, 2023.
             Was an Initiate of Okawaru.
             Slain by a troll (11 damage)
             ... on level 5 of the Dungeon.
             The game lasted 00:11:43 (4775 turns).

erloom the Cleaver (Minotaur Fighter)               Turns: 4775, Time: 00:11:44

Health: 0/70       AC:  6    Str: 27    XL:     8   Next: 21%
Magic:  7/7        EV:  9    Int:  7    God:    Okawaru [......]
Gold:   388        SH:  5    Dex: 10    Spells: 7/7 levels left

rFire   . . .        a - +0 war axe
rCold   + . .        c - +0 buckler
rNeg    . . .        b - +0 scale mail
rPois   .            (helmet restricted)
rElec   .            (no cloak)
rCorr   .            (no gloves)
SInv    .            (no boots)
Will    .....        (no amulet) Stlth
                     v - +6 ring of strength
HPRegen 0.31/turn    (no ring)
MPRegen 0.10/turn

%: no passive effects
@: flying, unable to read
A: horns 2, retaliatory headbutt, cold resistance 1, teleportitis 1, inability
to read after injury 1, MP-powered wands
a: Renounce Religion


You were on level 5 of the Dungeon.
You worshipped Okawaru.
Okawaru was noncommittal.
You visited 2 branches of the dungeon, and saw 7 of its levels.
You also visited: Sewer.

You collected 388 gold pieces.

Inventory:

Hand Weapons
 a - a +0 war axe (weapon)
Armour
 b - a +0 scale mail (worn)
 c - a +0 buckler (worn)
Jewellery
 v - a +6 ring of strength (left hand)
 x - a ring of positive energy
Wands
 m - a wand of digging (6)
 r - a wand of roots (16)
 t - a wand of quicksilver (4)
Scrolls
 e - a scroll of poison
 k - 3 scrolls of vulnerability
 l - 2 scrolls of enchant weapon {unknown}
 n - a scroll of magic mapping {unknown}
 o - a scroll of blinking {unknown}
 p - 2 scrolls of identify {unknown}
 s - a scroll of fog {unknown}
 w - a scroll of enchant armour {unknown}
 y - 2 scrolls of teleportation {unknown}
 z - a scroll of acquirement {unknown}
Potions
 g - a potion of resistance {unknown}
 h - a potion of mutation
 i - 3 potions of curing
 j - 3 potions of brilliance {unknown}
 q - a potion of magic {unknown}
 u - 2 potions of invisibility {unknown}
 A - a potion of experience {unknown}
 B - a potion of attraction {unknown}
 C - a potion of heal wounds {unknown}
 D - 2 potions of lignification {unknown}


   Skills:
 + Level 6.1 Fighting
 + Level 10.4 Axes
 - Level 3.6 Armour
 - Level 5.0 Shields


You had 7 spell levels left.
You didn't know any spells.
Your spell library contained the following spells:

 Spells                   Type           Power      Damage    Failure   Level
 Cigotuvi's Dreadful Rot  Necr/Pois/Air  0%         N/A       87%         2
 Poisonous Vapours        Pois/Air       0%         N/A       87%         2
 Ignite Poison            Fire/Tmut/Pois 0%         N/A       98%         3
 Mephitic Cloud           Conj/Pois/Air  0%         N/A       98%         3
 Freezing Cloud           Conj/Ice/Air   0%         6-21      100%        5


Dungeon Overview and Level Annotations

Branches:
Dungeon (6/15)             Temple (1/1) D:5           Sewer (visited)

Altars:
Ashenzari
Cheibriados
Dithmenos
Fedhas
Gozag
Kikubaaqudgha
Okawaru
Sif Muna
Trog
Uskayaw
Yredelemnul
Zin

Shops:
D:6 *

Annotations:
D:5 3 runed translucent doors, morax's ghost, amateur FoFi
D:6 Edmund; Maggie


Innate Abilities, Weirdness & Mutations

You have a pair of horns on your head.
You reflexively headbutt those who attack you in melee.
Your flesh is cold resistant. (rC+)
You are occasionally teleported next to monsters.
You occasionally lose the ability to read scrolls when taking damage.
You expend magic power (3 MP) to strengthen your wands.


Message History

The troll claws you but does no damage.
You're too confused to move!
The troll closely misses you. The troll barely misses you. The troll claws you.
Okay, then.
You are too confused!
Unknown command.
Okay, then.
You hit the troll but do no damage.
You feel less invigorated.
You feel less confused. The troll bites you! You block the troll's attack. x2
You hit the troll but do no damage. The troll bites you!
The troll claws you but does no damage. The troll claws you!
Okay, then.
It was a potion of mutation.
You feel extremely strange.
You feel your magical essence link to the dungeon's wands.
You feel weirdly uncertain.
You occasionally lose the ability to read scrolls when taking damage.
You feel resistant to cold. The troll bites you. The troll barely misses you.
The troll closely misses you.
It was a potion of flight.
You feel very buoyant.
You fly up into the air.
The troll bites you.
* * * LOW HITPOINT WARNING * * *
The troll closely misses you. x2
The air fills with toxic fumes!
As you read the scroll labelled CEUH UVAMIWI, it crumbles to dust.
It was a scroll of poison.
The troll bites you!
You feel threatened and lose the ability to read scrolls!
* * * LOW HITPOINT WARNING * * *
The troll claws you but does no damage. x2
Really fly into that cloud of poison gas?
Okay, then.
It was a potion of curing.
You feel better. The troll bites you.
* * * LOW HITPOINT WARNING * * *
The troll closely misses you. The troll claws you!
* * * LOW HITPOINT WARNING * * *
You feel better. The troll misses you. You furiously retaliate!
You headbutt the troll. The troll claws you but does no damage.
The troll claws you!
You die...

#<# ####..#(###..........#.#
###.# #....##.# #.#######..#.#
#...# ##.####..# #.# ##..#5l
#.### #..# ##.## #.######...#gW
#.# #.## #§.# ##.#§§.[<...### #.#
#§####§####.§§§§.)))..... #.#
#§§§§§§§§§#§§§§§......... #.#
###§§§§§§§§§§§§§......### #.#
#§§§§§§@T§§§§§§......#
..########§§§§§§§§§§§§§§......#
.........§§§§§§§§§§§§§§§......###
...)######§§§§§§§§§§#§§§.........
....# #§§§§§§§§§§§§§§......###
##### ##§§§§§§§§#§§§§......#
#§§§§§§§§§§§§§§......#
#§§§§§§§§§§§§§§......#
#....................#


You could see a troll.

Vanquished Creatures
  Grinder (D:3)
  3 black bears
  A phantom (D:5)
  A kobold brigand (Sewer)
  2 hounds (D:4)
  4 iguanas
  Terence (D:3)
  3 orc wizards
  Robin (D:3)
  4 gnolls (D:5)
  10 adders
  6 river rats (Sewer)
  An ufetubus (D:5)
  5 worms
  5 dart slugs
  16 orcs
  6 ball pythons
  6 endoplasms
  A giant cockroach (D:3)
  8 hobgoblins
  9 kobolds
  3 quokkas
  9 bats
  4 frilled lizards
  14 goblins
  6 rats
130 creatures vanquished.

Vanquished Creatures (others)
  A kobold (D:3)
1 creature vanquished.

Grand Total: 131 creatures vanquished

Notes
Turn   | Place    | Note
-------+----------+-------------------------------------------
     0 | D:1      | erloom the Minotaur Fighter began the quest for the Orb.
     0 | D:1      | Reached XP level 1. HP: 19/19 MP: 0/0
   162 | D:1      | Reached skill level 3 in Axes
   188 | D:1      | Reached XP level 2. HP: 23/26 MP: 1/1
   486 | D:2      | Reached skill level 4 in Axes
   652 | D:2      | Reached XP level 3. HP: 31/31 MP: 2/2
  1047 | D:2      | Reached skill level 5 in Axes
  1355 | D:3      | Reached XP level 4. HP: 39/39 MP: 3/3
  1434 | D:3      | Noticed Terence
  1449 | D:3      | Killed Terence
  1595 | D:3      | Reached skill level 6 in Axes
  1614 | D:3      | Identified the +4 short sword "Xifeolelir" {heavy, Stlth+}
  1690 | D:3      | Noticed Grinder
  1741 | D:4      | Reached XP level 5. HP: 41/45 MP: 4/4
  1841 | D:4      | Noticed a black bear
  1859 | D:4      | Killed a black bear
  1860 | D:4      | Reached skill level 7 in Axes
  1989 | D:3      | Paralysed by Grinder for 2 turns
  1998 | D:3      | Killed Grinder
  1999 | D:3      | Reached skill level 8 in Axes
  1999 | D:3      | Reached XP level 6. HP: 28/51 MP: 5/5
  2096 | D:3      | Noticed Robin
  2106 | D:3      | Killed Robin
  2109 | D:3      | Reached skill level 9 in Axes
  2637 | D:4      | Reached XP level 7. HP: 55/57 MP: 6/6
  2773 | D:4      | Found an opulent altar of Gozag.
  3276 | D:5      | Entered Level 5 of the Dungeon
  3381 | D:5      | Noticed morax's ghost (amateur FoFi)
  3402 | D:5      | Found a runed translucent gate.
  3513 | D:5      | Found a runed translucent gate.
  3513 | D:5      | Found a runed translucent gate.
  3537 | D:5      | Found a staircase to the Ecumenical Temple.
  3602 | D:5      | Found a glowing drain.
  3621 | Sewer    | Entered a sewer
  4064 | Sewer    | Reached skill level 5 in Fighting
  4064 | Sewer    | Reached skill level 5 in Shields
  4280 | D:5      | Reached skill level 10 in Axes
  4280 | D:5      | Reached XP level 8. HP: 64/69 MP: 7/7
  4343 | D:5      | You fall into a shaft and drop 1 floor!
  4377 | D:6      | Found Xeexarph's General Store.
  4505 | Temple   | Entered the Ecumenical Temple
  4510 | Temple   | Became a worshipper of Warmaster Okawaru
  4720 | D:6      | Noticed Maggie
  4721 | D:6      | Noticed a troll
  4722 | D:6      | Noticed Edmund
  4769 | D:5      | Gained mutation: You expend magic power (3 MP) to
                  | strengthen your wands. [potion of mutation]
  4769 | D:5      | Gained mutation: You are occasionally teleported next to
                  | monsters. [potion of mutation]
  4769 | D:5      | Gained mutation: You occasionally lose the ability to read
                  | scrolls when taking damage. [potion of mutation]
  4769 | D:5      | Gained mutation: Your flesh is cold resistant. (rC+)
                  | [potion of mutation]
  4775 | D:5      | Slain by a troll

Illustrated notes

Levels and vault maps discovered:
D:1:      dpeg_arrival_ternary, layout_rooms, minmay_tiny_reverse_x
D:2:      layout_loops_corners
D:3:      layout_basic, uniq_terence, uniq_robin, uniq_grinder
D:4:      layout_cave_pods, grunt_gozag_statues, minmay_misc_feat_alley
D:5:      layout_rooms, minmay_temple_entry_drinking_statues,
          gammafunk_ghost_split, cheibrodos_sewer_entry_drain
D:6:      layout_basic, lemuel_coloured_pillars_altar, serial_shops,
          nicolae_square_shop, uniq_edmund, uniq_maggie
Temple:   minmay_freezing_vapour_temple

Skill      XL: |  1  2  3  4  5  6  7  8 |
---------------+-------------------------+-----
Axes           | 3 4 5 6 8 9 10 | 10.4
Fighting       | 5 6 |  6.1
Shields        | 5 |  5.0
Armour         | |  3.6

Action                     |  1- 3 |  4- 6 |  7- 9 || total
---------------------------+-------+-------+-------++-------
  Melee: War axe           |    78 |    93 |   164 ||   335
         Headbutt          |     6 |    16 |    22 ||    44
    Use: Potion            |       |     2 |     5 ||     7
         Scroll            |       |       |     2 ||     2
 Armour: Scale mail        |    33 |    38 |    49 ||   120
  Dodge: Dodged            |    42 |    37 |    53 ||   132
  Block: Buckler           |    22 |    20 |    27 ||    69

Table legend: (Time is in decaauts)
 A = Elapsed time spent in this place.
 B = Non-inter-level travel time spent in this place.
 C = Inter-level travel time spent in this place.
 D = Time resting spent in this place.
 E = Time spent auto-exploring this place.
 F = Levels seen in this place.
 G = Mean time per level.
                   A        B        C        D        E       F      G
               +--------+--------+--------+--------+--------+-----+--------+
         Total |   4891 |   4724 |    167 |    545 |   2821 |   8 |  611.4 |
       Dungeon |   4278 |   4111 |    167 |    378 |   2609 |   6 |  713.0 |
        Temple |     10 |     10 |      0 |      0 |      0 |   1 |   10.0 |
         Sewer |    602 |    602 |      0 |    167 |    212 |   1 |  602.0 |
               +--------+--------+--------+--------+--------+-----+--------+

Top non-repeatable levels by time:
     D:3: 1114 daAuts
     D:2: 935 daAuts
     D:4: 868 daAuts
     D:5: 700 daAuts
   Sewer: 602 daAuts
     D:1: 434 daAuts
     D:6: 225 daAuts
  Temple: 10 daAuts
